General information
- name: BNet
- type: Ladder team game (AT/RT)
- host: Battle.net
- saver: BEAR_AND
map: TidewaterGlades
- players: 4
- length: 32:14
- speed: Fast
- version: 1.27 W3XP
- replay type:

» download(235 KB)
Players
team 1 (loser)
MetS (
green | 136 APM | 4380 actions | 32:13)
5 Archmage
3 Summon Water Elemental
2 Brilliance Aura
3 Mountain King
2 Storm Bolt
1 Thunder Clap
» actions
| Assign group hotkey | 91 | |
| Basic commands | 40 | |
| Build / train | 97 | |
| ESC pressed | 9 | |
| Enter build submenu | 55 | |
| Enter hero's abilities submenu | 8 | |
| Give item / drop item | 5 | |
| Right click | 2429 | |
| Select / deselect | 803 | |
| Select group hotkey | 605 | |
| Use ability | 238 | |
4380 total
» units
| Peasant | 16 | |
| Footman | 10 | |
| Rifleman | 3 | |
| Priest | 7 | |
| Mortar Team | 6 | |
| Siege Engine | 6 | |
| Knight | 2 | |
50 total
» upgrades
| Defend | 1 | |
| Priest Training | 1 | |
| Gunpowder | 1 | |
| Fragmentation Shards | 1 | |
| Barrage | 2 | |
| Animal War Training | 1 | |
| Lumber Harvesting | 1 | |
8 total
» buildings
| Altar of Kings | 1 | |
| Barracks | 2 | |
| Farm | 14 | |
| Scout Tower | 21 | |
| Arcane Tower | 3 | |
| Keep | 2 | |
| Arcane Vault | 1 | |
| Blacksmith | 1 | |
| Lumber Mill | 1 | |
| Guard Tower | 13 | |
| Arcane Sanctum | 1 | |
| Town Hall | 3 | |
| Workshop | 6 | |
| Castle | 1 | |
70 total
» build order
00:08 Altar of Kings
00:19 Barracks
00:33 Farm
01:04 Farm
01:35 Scout Tower
01:47 Farm
01:52 Farm
02:04 Arcane Tower
02:04 Arcane Tower
03:03 Farm
03:27 Keep
03:48 Arcane Vault
04:09 Blacksmith
04:23 Lumber Mill
04:39 Farm
05:08 Scout Tower
05:26 Scout Tower
05:29 Farm
05:38 Guard Tower
05:38 Guard Tower
06:19 Guard Tower
06:25 Arcane Sanctum
06:33 Scout Tower
06:35 Scout Tower
06:38 Town Hall
06:40 Scout Tower
07:02 Scout Tower
07:03 Guard Tower
07:29 Guard Tower
07:58 Farm
09:24 Barracks
10:16 Guard Tower
10:16 Guard Tower
11:17 Workshop
11:24 Workshop
12:13 Castle
12:18 Farm
12:19 Farm
12:20 Farm
12:21 Farm
12:21 Farm
12:23 Farm
18:28 Workshop
18:28 Workshop
19:08 Workshop
19:11 Workshop
20:04 Town Hall
23:19 Scout Tower
24:14 Town Hall
24:15 Guard Tower
29:17 Scout Tower
29:17 Scout Tower
29:18 Scout Tower
29:18 Scout Tower
29:27 Scout Tower
29:27 Scout Tower
29:53 Scout Tower
29:53 Scout Tower
29:53 Scout Tower
29:54 Scout Tower
29:56 Scout Tower
29:56 Scout Tower
30:43 Guard Tower
» items
| Potion of Lesser Invulnerability | 1 | |
| Scroll of Town Portal | 1 | |
| Potion of Healing | 2 | |
| Tiny Great Hall | 1 | |
5 total
NoGoN (
blue | 123 APM | 3782 actions | 30:41)
5 Blademaster
3 Wind Walk
2 Critical Strike
3 Shadow Hunter
1 Hex
2 Healing Wave
» actions
| Assign group hotkey | 292 | |
| Basic commands | 48 | |
| Build / train | 90 | |
| ESC pressed | 1 | |
| Enter build submenu | 19 | |
| Enter hero's abilities submenu | 8 | |
| Give item / drop item | 6 | |
| Right click | 1991 | |
| Select / deselect | 611 | |
| Select group hotkey | 528 | |
| Use ability | 188 | |
3782 total
» units
| Peon | 16 | |
| Grunt | 9 | |
| Troll Batrider | 6 | |
| Demolisher | 12 | |
| Raider | 1 | |
| Kodo Beast | 3 | |
47 total
» upgrades
| Berserker Strength | 1 | |
| Burning Oil | 1 | |
| Liquid Fire | 1 | |
| Reinforced Defenses | 1 | |
4 total
» buildings
| Altar of Storms | 1 | |
| Orc Burrow | 6 | |
| Barracks | 2 | |
| Voodoo Lounge | 1 | |
| Stronghold | 3 | |
| Beastiary | 2 | |
| Fortress | 3 | |
| War Mill | 1 | |
| Great Hall | 1 | |
| Watch Tower | 4 | |
24 total
» build order
00:06 Altar of Storms
00:19 Orc Burrow
00:37 Barracks
01:09 Voodoo Lounge
02:04 Orc Burrow
03:36 Stronghold
03:36 Stronghold
04:03 Orc Burrow
05:19 Orc Burrow
06:00 Beastiary
06:01 Beastiary
07:34 Orc Burrow
10:11 Fortress
10:11 Fortress
10:29 Orc Burrow
11:19 War Mill
12:21 Barracks
13:49 Great Hall
19:51 Watch Tower
19:52 Watch Tower
19:56 Watch Tower
19:58 Watch Tower
» items
| Healing Salve | 2 | |
| Potion of Healing | 2 | |
| Lesser Clarity Potion | 3 | |
| Orb of Lightning | 1 | |
8 total
team 2 (winner)
BEAR_AND (
red | 133 APM | 4297 actions | 32:14)
6 Blademaster
2 Wind Walk
3 Critical Strike
1 Bladestorm
» actions
| Assign group hotkey | 22 | |
| Basic commands | 2 | |
| Build / train | 74 | |
| Enter build submenu | 61 | |
| Enter hero's abilities submenu | 6 | |
| Give item / drop item | 7 | |
| Right click | 3339 | |
| Select / deselect | 437 | |
| Select group hotkey | 153 | |
| Use ability | 195 | |
4297 total
» units
» upgrades
| Liquid Fire | 1 | |
| Ranged Weapons | 1 | |
2 total
» buildings
| Altar of Storms | 1 | |
| Orc Burrow | 4 | |
| War Mill | 1 | |
| Voodoo Lounge | 4 | |
| Watch Tower | 43 | |
| Stronghold | 2 | |
| Beastiary | 2 | |
| Fortress | 3 | |
| Great Hall | 1 | |
61 total
» build order
00:13 Altar of Storms
00:19 Orc Burrow
00:36 War Mill
01:24 Voodoo Lounge
02:03 Watch Tower
02:09 Watch Tower
03:16 Stronghold
03:47 Watch Tower
03:55 Watch Tower
03:57 Watch Tower
04:47 Watch Tower
05:07 Watch Tower
05:29 Orc Burrow
05:32 Watch Tower
05:34 Watch Tower
05:53 Beastiary
06:16 Voodoo Lounge
06:56 Beastiary
07:30 Watch Tower
07:31 Watch Tower
08:41 Orc Burrow
08:48 Fortress
08:48 Fortress
08:48 Fortress
09:17 Orc Burrow
10:01 Watch Tower
10:01 Watch Tower
10:02 Watch Tower
10:02 Watch Tower
10:03 Watch Tower
10:03 Watch Tower
10:03 Watch Tower
10:04 Watch Tower
10:04 Watch Tower
13:08 Watch Tower
13:09 Watch Tower
13:09 Watch Tower
13:10 Watch Tower
14:00 Watch Tower
15:07 Voodoo Lounge
15:36 Watch Tower
15:37 Watch Tower
15:38 Watch Tower
15:39 Watch Tower
15:45 Great Hall
16:35 Watch Tower
16:36 Watch Tower
17:46 Watch Tower
17:46 Watch Tower
19:40 Watch Tower
19:43 Watch Tower
19:46 Watch Tower
19:55 Watch Tower
20:11 Voodoo Lounge
20:44 Watch Tower
21:48 Watch Tower
21:48 Watch Tower
30:27 Watch Tower
30:27 Watch Tower
30:28 Watch Tower
» items
| Boots of Speed | 1 | |
| Staff of Teleportation | 1 | |
| Healing Salve | 2 | |
| Lesser Clarity Potion | 3 | |
| Orb of Lightning | 1 | |
8 total
TIMG4STRok (
teal | 148 APM | 4758 actions | 32:14)
6 Archmage
3 Blizzard
2 Brilliance Aura
1 Mass Teleport
4 Mountain King
2 Storm Bolt
2 Bash
4 Paladin
2 Holy Light
2 Divine Shield
» actions
| Assign group hotkey | 12 | |
| Basic commands | 68 | |
| Build / train | 100 | |
| ESC pressed | 1 | |
| Enter build submenu | 78 | |
| Enter hero's abilities submenu | 14 | |
| Give item / drop item | 12 | |
| Right click | 2155 | |
| Select / deselect | 273 | |
| Select group hotkey | 1736 | |
| Use ability | 306 | |
4758 total
» units
| Peasant | 18 | |
| Satyr Shadowdancer | 1 | |
19 total
» upgrades
| Masonry | 3 | |
| Magic Sentry | 1 | |
| Lumber Harvesting | 1 | |
| Storm Hammers | 1 | |
| Swords | 1 | |
| Animal War Training | 1 | |
8 total
» buildings
| Altar of Kings | 1 | |
| Farm | 9 | |
| Lumber Mill | 2 | |
| Scout Tower | 69 | |
| Arcane Tower | 7 | |
| Guard Tower | 29 | |
| Arcane Vault | 1 | |
| Keep | 1 | |
| Arcane Sanctum | 1 | |
| Castle | 1 | |
| Town Hall | 3 | |
| Gryphon Aviary | 1 | |
| Blacksmith | 1 | |
| Barracks | 1 | |
127 total
» build order
00:06 Altar of Kings
00:08 Farm
00:22 Lumber Mill
00:47 Scout Tower
00:57 Farm
01:24 Arcane Tower
01:24 Arcane Tower
01:57 Scout Tower
02:01 Scout Tower
02:58 Guard Tower
02:58 Guard Tower
03:00 Scout Tower
03:10 Arcane Vault
03:33 Guard Tower
03:37 Scout Tower
03:38 Scout Tower
04:05 Guard Tower
04:33 Guard Tower
05:05 Scout Tower
05:06 Scout Tower
05:07 Keep
06:08 Guard Tower
07:10 Farm
07:54 Arcane Sanctum
08:53 Castle
09:39 Scout Tower
09:40 Scout Tower
09:41 Scout Tower
09:41 Scout Tower
09:44 Scout Tower
09:47 Scout Tower
09:48 Scout Tower
09:52 Scout Tower
09:54 Scout Tower
10:11 Scout Tower
10:12 Scout Tower
10:15 Arcane Tower
10:16 Guard Tower
10:18 Arcane Tower
10:19 Arcane Tower
10:46 Guard Tower
10:47 Guard Tower
10:50 Scout Tower
10:52 Scout Tower
11:31 Scout Tower
11:31 Scout Tower
11:32 Scout Tower
11:32 Scout Tower
11:33 Scout Tower
11:34 Scout Tower
12:28 Arcane Tower
12:31 Guard Tower
12:35 Scout Tower
12:36 Scout Tower
12:37 Guard Tower
12:55 Town Hall
13:03 Guard Tower
13:19 Guard Tower
13:58 Guard Tower
14:01 Guard Tower
14:03 Scout Tower
14:04 Scout Tower
14:04 Scout Tower
14:06 Scout Tower
14:06 Scout Tower
15:37 Guard Tower
15:39 Scout Tower
15:43 Guard Tower
16:52 Scout Tower
16:53 Scout Tower
16:53 Scout Tower
16:54 Scout Tower
17:40 Guard Tower
18:11 Guard Tower
18:12 Scout Tower
18:13 Scout Tower
18:13 Scout Tower
18:14 Scout Tower
18:14 Scout Tower
18:56 Guard Tower
18:58 Scout Tower
18:59 Scout Tower
19:53 Guard Tower
19:57 Guard Tower
19:59 Scout Tower
20:00 Scout Tower
20:01 Scout Tower
20:02 Scout Tower
20:02 Scout Tower
20:35 Guard Tower
20:55 Guard Tower
20:58 Lumber Mill
21:29 Gryphon Aviary
21:34 Guard Tower
23:15 Guard Tower
24:57 Scout Tower
24:57 Scout Tower
24:58 Scout Tower
25:07 Blacksmith
25:08 Barracks
25:11 Farm
25:12 Farm
25:12 Farm
26:19 Town Hall
28:10 Scout Tower
28:11 Scout Tower
28:11 Scout Tower
28:12 Scout Tower
28:12 Scout Tower
28:13 Scout Tower
28:14 Scout Tower
28:14 Scout Tower
28:15 Scout Tower
28:16 Scout Tower
29:08 Farm
29:08 Farm
29:17 Guard Tower
29:21 Scout Tower
29:22 Scout Tower
29:22 Scout Tower
29:23 Scout Tower
29:23 Scout Tower
29:33 Town Hall
30:35 Guard Tower
31:11 Guard Tower
» items
| Healing Salve | 2 | |
| Lesser Clarity Potion | 1 | |
| Boots of Speed | 3 | |
| Scroll of Regeneration | 2 | |
| Staff of Teleportation | 3 | |
| Orb of Lightning | 3 | |
| Staff of Sanctuary | 3 | |
17 total
Chat log
(01:21 / All) MetS: hi, gl hf, press alt+QQ for stats
(01:25 / All) TIMG4STRok: Thanks
(01:30 / All) TIMG4STRok: Where u guys from
(01:41 / All) NoGoN: we are from W3arena
(01:58 / All) BEAR_AND: why bnet
(02:00 / All) MetS: i heard that sucks
(02:08 / All) NoGoN: to prove all of you on east are terrible
(09:22 / All) NoGoN: You guys will never get good cheesing rofl
(09:25 / All) BEAR_AND: sorry
(09:30 / All) TIMG4STRok: Thanks
(12:33 / All) NoGoN: you guys must love being bad and wasting time ROFl
(12:51 / All) BEAR_AND: uymmmm
(14:10 / All) TIMG4STRok: hey 1 sec please
(14:14 / All) TIMG4STRok: please, wait,m
(14:18 / All) NoGoN: fuck off
(14:20 / All) NoGoN: Scrub faggots
(15:30 / All) BEAR_AND: w3arena really?>
(22:39 / All) NoGoN: ROFL you guys are sooo bad
(24:09 / All) NoGoN: god damn basement dweallers
(24:13 / All) BEAR_AND: sorry
(24:22 / All) TIMG4STRok: Thanks
(24:29 / All) NoGoN: flat face faggots
(27:52 / All) MetS: fuck off faggots
(30:21 / All) TIMG4STRok: gg
(30:25 / All) NoGoN: suck my dick
(30:28 / All) NoGoN: flat face faggots
(30:30 / All) TIMG4STRok: i meant you are really bad
(30:32 / All) TIMG4STRok: Thanks
(30:44 / All) TIMG4STRok: wait
(30:45 / All) TIMG4STRok: wait
(30:47 / All) TIMG4STRok: Thank You
(30:49 / All) BEAR_AND: https://highper.ch/ for more tower replays
(30:50 / All) BEAR_AND: highper.ch
(30:51 / All) BEAR_AND: for
(30:52 / All) BEAR_AND: more
(30:53 / All) BEAR_AND: replays
(30:53 / All) BEAR_AND: bye
(30:55 / All) BEAR_AND: leave trash
(31:30 / All) BEAR_AND: lol
(31:32 / All) BEAR_AND: bad boy
(31:38 / All) BEAR_AND: where are you really from?
(31:40 / All) BEAR_AND: ohio?
(32:08 / All) BEAR_AND: bad boy
(32:12 / All) BEAR_AND: mad??